 Dungeon Crawl Stone Soup version 0.20-a0-261-gcb1eca7 (webtiles) character file.

335 wazuzu the Poker (level 6, 0/48 HPs)
             Began as a Centaur Gladiator on Dec 3, 2016.
             Slain by Duvessa
             ... wielding a +0 short sword
              (8 damage)
             ... on level 4 of the Dungeon.
             The game lasted 00:07:47 (3290 turns).

wazuzu the Poker (Centaur Gladiator)                Turns: 3290, Time: 00:07:47

Health: 0/48       AC:  5    Str: 19    XL:     6   Next: 28%
Magic:  6/6        EV: 10    Int:  7    God:
Gold:   184        SH:  0    Dex: 10    Spells: 5/5 levels left

rFire  . . .     SeeInvis +     a - +0 trident
rCold  . . .     Gourm    .     b - +0 leather armour
rNeg   + . .     Faith    .     (no shield)
rPois  .         Spirit   .     c - +0 helmet
rElec  .         Reflect  .     (no cloak)
rCorr  .         Harm     .     (no gloves)
MR     .....                    (no barding)
Stlth  ..........               (no amulet)
                                j - ring of positive energy
                                e - ring of see invisible

@: very quick
A: hooves 3, deformed body, speed 2, tough skin 3
a: no special abilities


You were on level 4 of the Dungeon.
You were not hungry.

You visited 1 branch of the dungeon, and saw 4 of its levels.

You collected 184 gold pieces.

Inventory:

Hand Weapons
 a - a +0 trident (weapon)
 u - a +0 shortbow
Missiles
 d - 3 throwing nets (quivered)
Armour
 b - a +0 leather armour (worn)
 c - a +0 helmet (worn)
Jewellery
 e - a ring of see invisible (left hand)
 j - a ring of positive energy (right hand)
 o - an uncursed ring of magical power {unknown}
Wands
 g - a wand of digging (13/24)
Scrolls
 p - a scroll of magic mapping {unknown}
 r - a scroll of enchant armour {unknown}
 t - 2 scrolls of teleportation {unknown}
 v - a scroll of amnesia {unknown}
Potions
 i - 2 potions of flight
 k - 3 potions of cancellation
 l - 3 potions of haste {unknown}
 m - a potion of degeneration {unknown}
Comestibles
 f - 4 bread rations
 n - a meat ration
 q - 2 chunks of flesh
 s - 2 fruits


   Skills:
 - Level 2.0 Fighting
 + Level 6.5 Polearms
 - Level 2.1 Throwing
 - Level 2.1 Dodging


You had 5 spell levels left.
You didn't know any spells.

Dungeon Overview and Level Annotations

Branches:
Dungeon (4/15)
 Temple: D:4-7

Altars:
Elyvilon

Annotations:
D:4 Duvessa


Innate Abilities, Weirdness & Mutations

You have hooves in place of feet.
Armour fits poorly on your strangely shaped body.
You cover ground very quickly.
You have extremely tough skin. (AC +3)


Message History

You puncture Duvessa!
Duvessa is almost dead.
Duvessa hits you with a short sword.
* * * LOW HITPOINT WARNING * * *
You feel better. Duvessa hits you with a short sword!
* * * LOW HITPOINT WARNING * * *
You feel better.
Duvessa says, "I will avenge him!"
Duvessa hits you with a short sword.
* * * LOW HITPOINT WARNING * * *
You feel better. Duvessa hits you with a short sword.
* * * LOW HITPOINT WARNING * * *
You closely miss Duvessa. Your kick misses Duvessa.
Duvessa is almost dead.
Duvessa hits you with a short sword!
* * * LOW HITPOINT WARNING * * *
You hit Duvessa but do no damage.
Duvessa is almost dead.
Duvessa hits you with a short sword!
You die...

###############...# #
#.................#### #
#...###########....).###########
###.........###...##...e........
#########..###############.##.
##..# ####..### ##.### #....####
#...# #....##.. ###@#####
##....##.# #.e...###........#
#####.........#### ###.........#
#......[##### #...##..#.#
...#....##.# .##..#####^# .. #.#


You could see Duvessa.

Vanquished Creatures
  Sigmund (D:2)
  Dowan (D:4)
  A hound skeleton (D:4)
  4 adders
  An ooze (D:2)
  A worm (D:2)
  3 dart slugs
  A leopard gecko (D:3)
  An orc (D:3)
  2 ball pythons
  6 giant cockroaches
  4 goblins
  9 hobgoblins
  3 jackals (D:2)
  6 kobolds
  4 quokkas
  7 bats
  6 frilled lizards
  10 rats
71 creatures vanquished.

Notes
Turn   | Place    | Note
-------+----------+-------------------------------------------
     0 | D:1      | wazuzu the Centaur Gladiator began the quest for the Orb.
     0 | D:1      | Reached XP level 1. HP: 17/17 MP: 1/1
   110 | D:1      | Reached skill level 3 in Polearms
   192 | D:1      | Reached XP level 2. HP: 24/24 MP: 2/2
   929 | D:2      | Noticed Sigmund
   952 | D:2      | Killed Sigmund
   952 | D:2      | Reached skill level 5 in Polearms
   952 | D:2      | Reached XP level 3. HP: 5/29 MP: 3/3
   952 | D:2      | Reached XP level 4. HP: 7/36 MP: 4/4
   952 | D:2      | Reached XP level 5. HP: 8/41 MP: 5/5
  2159 | D:3      | Found a white marble altar of Elyvilon.
  2465 | D:3      | Reached skill level 6 in Polearms
  3138 | D:4      | Reached XP level 6. HP: 43/48 MP: 6/6
  3184 | D:4      | Noticed Dowan
  3185 | D:4      | Noticed Duvessa
  3234 | D:4      | Killed Dowan
  3290 | D:4      | Slain by Duvessa

Vault maps used:
D:1:      lightli_arrival_chessboard
D:2:      uniq_sigmund
D:3:      nicolae_overflow_crystal_walls, first_bread
D:4:      lemuel_crystal_altar, uniq_duvessa

Skill      XL: |  1  2  3  4  5 |
---------------+----------------+-----
Polearms       | 3 5 6 |  6.5
Fighting       | |  2.0
Throwing       | |  2.1
Dodging        | |  2.1

Action                   |  1- 3 |  4- 6 || total
-------------------------+-------+-------++-------
Melee: Trident           |    90 |   184 ||   274
       Kick              |    15 |    33 ||    48
  Use: Scroll            |     2 |     1 ||     3
       Potion            |     2 |     3 ||     5
 Stab: Distracted        |     1 |       ||     1
  Eat: Chunk             |       |     6 ||     6
Armor: Leather armour    |    20 |    45 ||    65
Dodge: Dodged            |    32 |    69 ||   101
